 Dungeon Crawl Stone Soup version 0.23-a0-46-g8441a8a (webtiles) character file.

238 BigChef the Chopper (level 5, -2/42 HPs)
             Began as a Demonspawn Berserker on Aug 5, 2018.
             Was a Priest of Trog.
             Slain by an ogre
             ... wielding a +0 giant club
              (19 damage)
             ... on level 4 of the Dungeon.
             The game lasted 00:05:34 (2579 turns).

BigChef the Chopper (Demonspawn Berserker)          Turns: 2579, Time: 00:05:34

Health: -2/42      AC:  3    Str: 19    XL:     5   Next: 78%
Magic:  5/5        EV: 13    Int:  8    God:    Trog [***...]
Gold:   63         SH:  0    Dex: 12    Spells: 4/4 levels left

rFire    . . .     SeeInvis .   a - +0 hand axe
rCold    . . .     Gourm    .   (no shield)
rNeg     . . .     Faith    .   b - +0 animal skin
rPois    .         Spirit   .   (helmet restricted)
rElec    .         Reflect  .   g - +0 cloak
rCorr    .         Harm     .   (no gloves)
MR       .....                  (no boots)
Stlth    +.........             (no amulet)
HPRegen  0.14/turn              (no ring)
MPRegen  0.09/turn              (no ring)

@: no status effects
A: claws 1, horns 2, talons 1
a: Berserk, Trog's Hand, Renounce Religion


You were on level 4 of the Dungeon.
You worshipped Trog.
Trog was most pleased with you.
You were not hungry.

You visited 1 branch of the dungeon, and saw 4 of its levels.

You collected 63 gold pieces.

Inventory:

Hand Weapons
 a - a +0 hand axe (weapon)
Armour
 b - a +0 animal skin (worn)
 g - a +0 cloak (worn)
Wands
 j - a wand of digging (10)
Scrolls
 f - 3 scrolls of remove curse
 l - a scroll of enchant armour {unknown}
Potions
 e - 2 potions of magic {unknown}
 h - a potion of lignification {unknown}
 i - a potion of heal wounds
 k - a potion of curing {unknown}
Comestibles
 c - 4 rations


   Skills:
 + Level 4.2 Fighting
 + Level 4.3 Axes
 + Level 1.8 Armour
 + Level 3.2 Dodging
 + Level 0.6 Stealth


You had 4 spell levels left.
You didn't know any spells.
Your spell library was empty.

Dungeon Overview and Level Annotations

Branches:
Dungeon (4/15)
 Temple: D:4-7

Altars:
Vehumet


Innate Abilities, Weirdness & Mutations

You have sharp fingernails.
You have a pair of horns on your head.
You have sharp toenails.


Message History

There is a stone staircase leading down here.
You climb downwards.
Found a fizzy purple potion and a potion of flight.
There is a stone staircase leading up here.
You drop a scroll of noise.
An ogre comes into view. It is wielding a giant club.
The ogre shouts!
You completely miss the ogre. The ogre hits you with a giant club!!
You hit the ogre. You headbutt the ogre.
The ogre is moderately wounded.
The ogre closely misses you.
You barely miss the ogre.
The ogre is moderately wounded.
You hit the ogre but do no damage. You claw the ogre. You headbutt the ogre.
The ogre is severely wounded.
The ogre hits you with a giant club!
You hit the ogre. You claw the ogre. Your headbutt misses the ogre.
The ogre is almost dead.
The ogre hits you with a giant club!!
You die...

#.........
#.....!....
#..........
#..........
#.........
#.......#
#.......#
#.<.O...#
#..@....#
#....!..#
#.......#
#.......#
#.......+
#.......#
###+#####


You could see an ogre.

Vanquished Creatures
  An ogre (D:2)
  Jessica (D:2)
  Robin (D:2)
  3 adders
  2 oozes (D:3)
  A dart slug (D:1)
  2 leopard geckos
  4 orcs (D:3)
  A ball python (D:2)
  6 bats
  3 giant cockroaches
  14 goblins
  7 hobgoblins
  3 jackals (D:1)
  9 kobolds
  6 frilled lizards
  A leopard gecko zombie (D:3)
  6 rats
71 creatures vanquished.

Notes
Turn   | Place    | Note
-------+----------+-------------------------------------------
     0 | D:1      | BigChef the Demonspawn Berserker began the quest for the Orb.
     0 | D:1      | Reached XP level 1. HP: 18/18 MP: 1/1
   208 | D:1      | Gained mutation: You have sharp toenails. [demonic ancestry]
   208 | D:1      | Reached XP level 2. HP: 11/24 MP: 2/2
   647 | D:1      | Gained mutation: You have a pair of small horns on your head. [demonic ancestry]
   647 | D:1      | Reached XP level 3. HP: 18/29 MP: 3/3
   678 | D:1      | Reached ** piety under Trog
  1003 | D:2      | Noticed Robin
  1008 | D:2      | Killed Robin
  1020 | D:2      | Found a radiant altar of Vehumet.
  1058 | D:2      | Gained mutation: You have sharp fingernails. [demonic ancestry]
  1058 | D:2      | Reached XP level 4. HP: 29/37 MP: 4/4
  1245 | D:2      | Noticed Jessica
  1255 | D:2      | Killed Jessica
  1322 | D:2      | Noticed an ogre
  1329 | D:2      | Killed an ogre
  1329 | D:2      | Gained mutation: You have a pair of horns on your head. [demonic ancestry]
  1329 | D:2      | Reached XP level 5. HP: 5/42 MP: 5/5
  1780 | D:3      | Reached *** piety under Trog
  2569 | D:4      | Noticed an ogre
  2579 | D:4      | Slain by an ogre

Vault maps used:
D:1:      roderic_octagonal_star, minmay_misc_feat_x
D:2:      marbit_many_paths, uniq_robin, uniq_jessica
D:4:      ashenzari_altar_1, first_ration, eino_tiny_chamber

Skill      XL: |  1  2  3  4 |
---------------+-------------+-----
Axes           | 3 4 |  4.3
Dodging        | 2 3 |  3.2
Fighting       | 4 |  4.2
Armour         | |  1.8
Stealth        | |  0.6

Action                   |  1- 3 |  4- 6 || total
-------------------------+-------+-------++-------
Melee: Hand axe          |   107 |    65 ||   172
       Kick              |    23 |    17 ||    40
       Headbutt          |    10 |    10 ||    20
  Use: Scroll            |       |     4 ||     4
       Potion            |       |     3 ||     3
 Stab: Distracted        |     1 |       ||     1
       Sleeping          |       |     1 ||     1
  Eat: Chunk             |       |     1 ||     1
       Ration            |       |     2 ||     2
Armor: Animal skin       |    38 |     9 ||    47
Dodge: Dodged            |   114 |    41 ||   155

Table legend:
 A = Spawn XP
 B = Non-spawn XP
 C = Spawn XP percentage of total XP
 D = Spawn monster count
 E = Non-spawn monster count
 F = Spawn count percentage of total count
 G = Total turns spent on level
                    A         B        C        D         E        F      G
               +---------+---------+-------+---------+---------+-------+---------
         Total |       0 |     340 |   0.0 |       0 |      71 |   0.0 |  2579
               +---------+---------+-------+---------+---------+-------+---------
           D:1 |       0 |      48 |   0.0 |       0 |      30 |   0.0 |   870
           D:2 |       0 |     233 |   0.0 |       0 |      22 |   0.0 |   724
           D:3 |       0 |      59 |   0.0 |       0 |      19 |   0.0 |   973
               +---------+---------+-------+---------+---------+-------+---------
